 Dungeon Crawl Stone Soup version 0.21-a0-94-gdd6ab6a (webtiles) character file.

942 hairmachine the Carver (level 8, -1/53 HPs)
             Began as a Barachi Fighter on July 1, 2017.
             Was an Initiate of Hepliaklqana.
             Slain by a wyvern zombie (6 damage)
             ... on level 6 of the Dungeon.
             The game lasted 00:13:33 (6039 turns).

hairmachine the Carver (Barachi Fighter)            Turns: 6039, Time: 00:13:34

Health: -1/53      AC:  8    Str: 21    XL:     8   Next: 12%
Magic:  7/7        EV:  7    Int: 11    God:    Hepliaklqana [......]
Gold:   319        SH:  9    Dex: 13    Spells: 7/7 levels left

rFire    . . .     SeeInvis .   a - +0 long sword
rCold    . . .     Gourm    .   c - +0 shield
rNeg     . . .     Faith    .   b - +0 scale mail
rPois    .         Spirit   .   w - +2 hat
rElec    .         Reflect  .   (no cloak)
rCorr    .         Harm     .   (no gloves)
MR       .....                  (no boots)
Stlth    +.........             (no amulet)
HPRegen  0.17/turn              p - +3 ring of intelligence
MPRegen  0.10/turn              d - ring of stealth

@: slow
A: +LOS, swims, reduced essence, blink, low mp 1, screaming 1, slowness 1,
strong 1, strong legs 1
a: Hop, Blink, Recall Ancestor, Ancestor Identity, Renounce Religion


You were on level 6 of the Dungeon.
You worshipped Hepliaklqana.
Hepliaklqana was noncommittal.
You were near starving.

You visited 2 branches of the dungeon, and saw 7 of its levels.

You collected 319 gold pieces.

Inventory:

Hand Weapons
 a - a +0 long sword (weapon)
Missiles
 j - 8 javelins (quivered)
Armour
 b - a +0 scale mail (worn)
 c - a +0 shield (worn)
 w - a +2 hat (worn)
 y - a +0 pair of gloves
Jewellery
 d - a ring of stealth (right hand)
 p - a +3 ring of intelligence (left hand)
Scrolls
 g - a scroll of amnesia
 i - 2 scrolls of identify
 l - 2 scrolls of recharging
 n - 6 scrolls of teleportation
 o - a scroll of fear {unknown}
 q - 2 scrolls of remove curse
 r - a scroll of silence {unknown}
 t - a scroll of blinking
 u - a scroll of immolation {unknown}
 x - a scroll of enchant weapon {unknown}
Potions
 e - 4 potions of heal wounds
 h - a potion of curing {unknown}
 k - 5 potions of agility
 s - a potion of invisibility {unknown}
 v - a potion of flight {unknown}
 z - a potion of berserk rage {unknown}
Comestibles
 f - 5 bread rations
 m - 3 meat rations


   Skills:
 - Level 3.6 Fighting
 + Level 10.9 Long Blades
 - Level 3.6 Armour
 - Level 3.2 Shields


You had 7 spell levels left.
You didn't know any spells.

Dungeon Overview and Level Annotations

Branches:
Dungeon (6/15)             Temple (1/1) D:5

Altars:
Ashenzari
Cheibriados
Dithmenos
Elyvilon
Fedhas
Gozag
Hepliaklqana
Kikubaaqudgha
Makhleb
Nemelex Xobeh
Okawaru
Qazlal
Ru
Sif Muna
Trog
Uskayaw
Vehumet
Wu Jian
Xom
Yredelemnul
Zin
The Shining One


Innate Abilities, Weirdness & Mutations

Shadows flee at your approach. (+LOS)
You can swim through water.
You cover ground slowly.
You can hop short distances.
Your life essence is reduced to manifest your ancestor. (-10% HP)
You can translocate small distances at will.
Your magical capacity is low. (-10% MP)
You occasionally shout uncontrollably at your foes.
Your muscles are strong. (Str +2)


Message History

The centaur is moderately wounded.
The centaur hits you.
* * * LOW HITPOINT WARNING * * *
You block the wyvern zombie's attack.
The centaur hits you but does no damage.
The centaur closely misses you.
You riposte.
You hit the centaur.
The centaur is heavily wounded.
The wyvern zombie bites you.
* * * LOW HITPOINT WARNING * * *
You hit the centaur but do no damage.
The centaur is heavily wounded.
The centaur hits you.
* * * LOW HITPOINT WARNING * * *
You block the wyvern zombie's attack. The centaur barely misses you.
You riposte.
You hit the centaur but do no damage.
The centaur is heavily wounded.
The centaur hits you.
* * * LOW HITPOINT WARNING * * *
The wyvern zombie bites you.
You die...

..##..#..#.#..........#.
......#..#.#..........#
..###[#..#.#..........#
..# #.#..#.#..........#
### #.#..#.#.#........#
#.#..#.#.#..#######
#####.#..#.#.#..##
PPPPPPP..#.#.#...#
P.....P..# #.#@## #
P.P.PPP#######.#Zc# .#
..P...P........##(#####..#
PPP.P.P.........((.......#
P...P.P..........(...!..##
PPPPP.P.##########..##..#
....P...# ##.# .#


PPP.P.P## .# P...P.P# .# You could see a centaur and a wyvern zombie.

Vanquished Creatures
  A sky beast (D:5)
  A scorpion (D:4)
  A howler monkey (D:4)
  A crimson imp (D:5)
  A hound (D:4)
  A bullfrog skeleton (D:4)
  2 orc priests (D:4)
  2 orc wizards (D:4)
  2 iguanas (D:4)
  2 worker ants (D:4)
  A howler monkey skeleton (D:6)
  12 adders
  2 oozes
  2 adder skeletons
  4 worms
  2 dart slugs (D:2)
  12 orcs
  A giant cockroach (D:4)
  6 goblins
  6 jackals
  6 kobolds
  4 quokkas
  4 ball pythons (D:3)
  3 bats
  2 frilled lizards
  22 rats
103 creatures vanquished.

Vanquished Creatures (collateral kills)
  An ogre (D:5)
  A centaur (D:6)
  2 centaur skeletons
4 creatures vanquished.

Vanquished Creatures (others)
  An ancestor (D:6)
1 creature vanquished.

Grand Total: 108 creatures vanquished

Notes
Turn   | Place    | Note
-------+----------+-------------------------------------------
     0 | D:1      | hairmachine the Barachi Fighter began the quest for the Orb.
     0 | D:1      | Reached XP level 1. HP: 18/18 MP: 1/1
    40 | D:1      | Reached skill level 3 in Long Blades
   204 | D:1      | Reached XP level 2. HP: 19/24 MP: 2/2
   990 | D:2      | Reached skill level 4 in Long Blades
  1041 | D:2      | Reached XP level 3. HP: 25/29 MP: 3/3
  1598 | D:2      | Reached skill level 5 in Long Blades
  1677 | D:2      | Found a bloodstained altar of Trog.
  1742 | D:2      | Reached XP level 4. HP: 36/36 MP: 4/4
  2602 | D:3      | Reached skill level 6 in Long Blades
  2608 | D:3      | Reached XP level 5. HP: 24/41 MP: 5/5
  3249 | D:4      | Reached skill level 7 in Long Blades
  3298 | D:4      | Reached XP level 6. HP: 35/47 MP: 6/6
  3672 | D:4      | Reached skill level 8 in Long Blades
  4107 | D:4      | Reached XP level 7. HP: 29/52 MP: 7/7
  4116 | D:4      | Reached skill level 9 in Long Blades
  4872 | D:5      | Entered Level 5 of the Dungeon
  5003 | D:5      | Found a staircase to the Ecumenical Temple.
  5171 | D:5      | Reached skill level 10 in Long Blades
  5204 | D:5      | Gained mutation: You are resistant to hostile enchantments. (MR+) [mutagenic meat]
  5205 | D:5      | Gained mutation: Your magical capacity is low. (-10% MP) [mutagenic meat]
  5206 | D:5      | Gained mutation: Your spells are a little easier to cast, but a little less powerful. [mutagenic meat]
  5207 | D:5      | Gained mutation: You are partially covered in icy blue scales. (AC +2) [mutagenic meat]
  5208 | D:5      | Gained mutation: Armour fits poorly on your strangely shaped body. [mutagenic meat]
  5434 | Temple   | Entered the Ecumenical Temple
  5535 | Temple   | Became a worshipper of Hepliaklqana the Forgotten
  5871 | D:5      | Lost mutation: Your magical capacity is low. (-10% MP) [potion of mutation]
  5871 | D:5      | Lost mutation: Armour fits poorly on your strangely shaped body. [potion of mutation]
  5871 | D:5      | Lost mutation: You are partially covered in icy blue scales. (AC +2) [potion of mutation]
  5871 | D:5      | Lost mutation: Your spells are a little easier to cast, but a little less powerful. [potion of mutation]
  5871 | D:5      | Gained mutation: Your mind is acute. (Int +2) [potion of mutation]
  5871 | D:5      | Gained mutation: You tend to lose your temper in combat. [potion of mutation]
  5871 | D:5      | Gained mutation: Your natural rate of healing is unusually fast. [potion of mutation]
  5872 | D:5      | Lost mutation: Your mind is acute. (Int +2) [potion of mutation]
  5872 | D:5      | Lost mutation: You tend to lose your temper in combat. [potion of mutation]
  5872 | D:5      | Lost mutation: You are resistant to hostile enchantments. (MR+) [potion of mutation]
  5872 | D:5      | Gained mutation: Your body sometimes deteriorates upon taking damage. [potion of mutation]
  5872 | D:5      | Gained mutation: You have a pair of small horns on your head. [potion of mutation]
  5872 | D:5      | Gained mutation: You have supernaturally acute eyesight. (SInv) [potion of mutation]
  5872 | D:5      | Gained mutation: You have very sharp teeth. [potion of mutation]
  5873 | D:5      | Lost mutation: You have a pair of small horns on your head. [potion of mutation]
  5873 | D:5      | Lost mutation: Your body sometimes deteriorates upon taking damage. [potion of mutation]
  5873 | D:5      | Lost mutation: You have very sharp teeth. [potion of mutation]
  5873 | D:5      | Lost mutation: You have supernaturally acute eyesight. (SInv) [potion of mutation]
  5873 | D:5      | Lost mutation: Your natural rate of healing is unusually fast. [potion of mutation]
  5873 | D:5      | Gained mutation: You occasionally shout uncontrollably at your foes. [potion of mutation]
  5873 | D:5      | Gained mutation: Your magical capacity is low. (-10% MP) [potion of mutation]
  5873 | D:5      | Gained mutation: Your muscles are strong. (Str +2) [potion of mutation]
  5873 | D:5      | Gained mutation: You can translocate small distances at will. [potion of mutation]
  5898 | D:6      | Reached XP level 8. HP: 48/53 MP: 7/7
  6039 | D:6      | Slain by a wyvern zombie

Vault maps used:
D:1:      dpeg_arrival_boxorama
D:2:      overflow_temple_1_default, serial_bayou, serial_bayou_ford_a,
          serial_bayou_shore_a, serial_bayou_shore_b, serial_bayou_lagoon_b
D:3:      minmay_strange_pillars, minmay_rat_hole
D:4:      first_bread, item_on_display_a
D:5:      temple_pool_b
D:6:      minmay_hedge_maze
Temple:   kilobyte_greek_temple

Skill      XL: |  1  2  3  4  5  6  7 |
---------------+----------------------+-----
Long Blades    | 3 4 5 6 7 8 10 | 10.9
Fighting       | |  3.6
Armour         | |  3.6
Shields        | |  3.2

Action                   |  1- 3 |  4- 6 |  7- 9 || total
-------------------------+-------+-------+-------++-------
Melee: Long sword        |    85 |   265 |   107 ||   457
  Use: Scroll            |     1 |       |    11 ||    12
       Potion            |       |       |     4 ||     4
 Stab: Distracted        |       |       |     1 ||     1
  Eat: Chunk             |     3 |     7 |    10 ||    20
       Royal jelly       |       |     1 |       ||     1
Armor: Scale mail        |    32 |    89 |    16 ||   137
Dodge: Dodged            |    23 |    85 |    19 ||   127
Block: Shield            |    27 |   141 |    54 ||   222
       Rpst.: Long sword |     6 |    25 |     5 ||    36
